 Dungeon Crawl Stone Soup version 0.24-a0-355-gbe4061de67 (webtiles) character file.

Game seed: 9490038946141000683

15944 D1HalberdGnoll the Destroyer (level 12, -15/159 HPs)
             Began as a Red Draconian Conjurer on May 24, 2019.
             Was a High Priest of Sif Muna.
             Demolished by a frost giant
             ... wielding a +0 battleaxe of freezing
              (24 damage)
             ... in an ice cave.
             The game lasted 00:33:39 (17967 turns).

D1HalberdGnoll the Destroyer (DrCj)                Turns: 17967, Time: 00:33:40

Health: -15/159    AC: 26    Str: 13 (15) XL:     12   Next: 5%
Magic:  0/33       EV:  2    Int: 26 (27) God:    Sif Muna [*****.]
Gold:   638        SH:  4    Dex: 10 (11) Spells: 16/28 levels left

rFire    . . .     SeeInvis .   r - +1 dagger (venom)
rCold    . . .     Gourm    .   A - +0 buckler {reflect}
rNeg     + + +     Faith    .   (armour unavailable)
rPois    +         Spirit   +   (helmet currently unavailable)
rElec    .         Reflect  +   (cloak currently unavailable)
rCorr    .         Harm     .   (gloves currently unavailable)
MR       .....     NoTele   +   (boots currently unavailable)
Stlth    ++........             y - amulet of guardian spirit
HPRegen  0.36/turn              j - ring of magical power
MPRegen  0.23/turn              s - +3 ring of evasion

@: mighty, brilliant, short of breath, tree-form
A: (breathe fire), unfitting armour, AC +8
a: Divine Energy, Channel Magic, Forget Spell, Renounce Religion


You were in an ice cave.
You worshipped Sif Muna.
Sif Muna was extremely pleased with you.
You were hungry.
You were a tree.
You visited 2 branches of the dungeon, and saw 14 of its levels.
You also visited: Ice Cave.

You collected 765 gold pieces.
You spent 127 gold pieces at shops.

Inventory:

Hand Weapons
 r - a +1 dagger of venom (weapon)
Missiles
 g - a throwing net (quivered)
Armour
 x - the +0 pair of gloves of the Moon (melded) {Str+3}
   (You found it on level 8 of the Dungeon)

   It affects your strength (+3).
 A - a +0 buckler of reflection (worn)
Jewellery
 j - a ring of magical power (left branch)
 l - an uncursed ring of see invisible
 n - an uncursed amulet of regeneration {unknown}
 s - a +3 ring of evasion (right branch)
 y - an amulet of guardian spirit (around neck)
 z - an uncursed amulet of rage {unknown}
 B - an uncursed ring of wizardry {unknown}
 E - an uncursed ring of fire {unknown}
Wands
 h - a wand of flame (25)
 q - a wand of enslavement (17)
 u - a wand of random effects (15)
 w - a wand of disintegration (11)
 D - a wand of iceblast (15)
Scrolls
 a - 5 scrolls of remove curse
 c - a scroll of blinking
 o - 2 scrolls of magic mapping
 p - 2 scrolls of teleportation
 C - 3 scrolls of identify
 I - a scroll of amnesia
Potions
 e - a potion of might
 f - a potion of ambrosia {unknown}
 i - a potion of flight {unknown}
 k - 4 potions of curing {unknown}
 m - a potion of magic {unknown}
 t - a potion of lignification
 v - 2 potions of degeneration
 F - a potion of berserk rage {unknown}
 G - 2 potions of agility {unknown}
Comestibles
 b - 21 rations


   Skills:
 + Level 10.1 Fighting
 + Level 4.4 Dodging
 - Level 1.7 Stealth
 - Level 4.0 Shields
 + Level 8.7 Spellcasting
 * Level 13.2 Conjurations
 + Level 4.2 Invocations


You had 16 spell levels left.
You knew the following spells:

 Your Spells              Type           Power        Failure   Level  Hunger
a - Magic Dart            Conj           ####         0%          1    None
b - Searing Ray           Conj           ######       1%          2    None
c - Iskenderun's Mystic   Conj           #######.     1%          4    ##.....
d - Iskenderun's Battles  Conj/Chrm      ######..     1%          5    ####...

Your spell library contained the following spells:

 Spells                   Type           Power        Failure   Level  Hunger
 Confusing Touch          Hex            ####..       1%          1    None
 Confuse                  Hex            ####....     1%          3    None
 Dazzling Spray           Conj/Hex       ######       1%          3    None
 Gell's Gravitas          Tloc           ####......   1%          3    None
 Ignite Poison            Fire/Tmut/Pois ####....     1%          3    None
 Force Lance              Conj/Tloc      ######..     1%          4    ##.....
 Fulminant Prism          Conj/Hex       ######....   1%          4    ##.....
 Petrify                  Tmut/Erth      ####....     6%          4    ##.....
 Alistair's Intoxication  Tmut/Pois      ####....     16%         5    ####...
 Metabolic Englaciation   Hex/Ice        ####......   16%         5    ####...
 Yara's Violent Unravell  Hex/Tmut       ####......   16%         5    ####...
 Deflect Missiles         Chrm/Air       ####......   56%         6    ######.
 Hydra Form               Tmut           ####......   56%         6    ######.
 Statue Form              Tmut/Erth      ####.....    56%         6    ######.


Dungeon Overview and Level Annotations

Branches:
Dungeon (13/15)            Temple (0/1) D:7            Lair (1/6) D:8
    Orc: D:9-12      Vaults: D:13-14

Altars:
Ashenzari
Cheibriados
Dithmenos
Elyvilon
Hepliaklqana
Kikubaaqudgha
Okawaru
Ru
Sif Muna
Trog
Wu Jian
Xom
Zin
Beogh

Shops:
D:4 (   D:7 [

Annotations:
D:4 2 runed translucent doors, Shaidar's ghost, amateur DECj
D:6 1 runed translucent door, HELP's ghost, novice SpEn
D:9 exclusion: orange crystal statue, Maurice


Innate Abilities, Weirdness & Mutations

((You can breathe blasts of fire.))
((Your fiery red scales are hard. (AC +8)))
You cannot fit into any form of body armour.
((Your flesh is heat resistant. (rF+)))
((You are cold-blooded and may be slowed by cold attacks.))


Message History

It was a potion of might.
You feel very mighty all of a sudden.
Okay, then.
Okay, then.
Evoke which item? (* to show all) (? for menu, Esc to quit)
Okay, then.
It was a potion of degeneration.
There was something very wrong with that liquid.
You feel weakened.
You feel dopey.
You feel clumsy.
The frost giant hits you with a +0 battleaxe of freezing!
* * * LOW HITPOINT WARNING * * *
The frost giant freezes you.
* * * LOW HITPOINT WARNING * * *
You hear an angry growl.
Evoke which item? (* to show all) (? for menu, Esc to quit)
Okay, then.
It was a potion of brilliance.
You feel clever all of a sudden.
The frost giant hits you with a +0 battleaxe of freezing!!
You die...

)# $. ###. #####
##h.. ###...####
#.Y.h ##...#....###
#..C###..####.....##
#h.h##..#####.....#
###Ch###.#.#####...
#.♣###...⌠.# ##..
###.#.#...## ###
##.###### #######
### ###....##
###...#....
###....######
##...#### ####...##
#.....## #


You could see a frost giant and 2 polar bears.

Vanquished Creatures
  2 two-headed ogres
  A death yak (IceCv)
  An unseen horror (D:10)
  Pikel (D:9)
  A manticore (D:9)
  An ice statue (IceCv)
  A komodo dragon (D:8)
  13 polar bears (IceCv)
  2 trolls (D:9)
  A hornet (D:10)
  20 yaks
  A steam dragon (D:13)
  2 water moccasins
  5 sky beasts
  4 slaves (D:9)
  2 orc warriors
  2 necrophages
  An ice beast (D:10)
  2 black bears
  18 wolves (IceCv)
  2 ogres
  3 centaurs
  5 big kobolds
  4 bullfrogs
  A gnoll sergeant (D:7)
  2 wyvern skeletons (D:10)
  3 scorpions
  A water moccasin skeleton (D:8)
  An electric eel (D:8)
  6 crimson imps
  2 quasits
  6 bullfrog zombies
  2 hounds
  6 orc priests
  2 bullfrog skeletons
  6 orc wizards
  4 iguanas
  10 worker ants
  A hound zombie (D:6)
  14 gnolls
  A worker ant zombie (D:11)
  12 adders
  2 shadow imps
  An adder zombie (D:8)
  An adder skeleton (D:6)
  7 worms
  A dart slug (D:3)
  4 leopard geckos
  38 orcs
  7 giant cockroaches
  2 goblins
  5 hobgoblins
  9 jackals
  A quokka (D:9)
  A ball python (D:2)
  A ball python skeleton (D:5)
  7 bats
  9 frilled lizards
  27 kobolds
  A quokka zombie (D:5)
  9 rats
308 creatures vanquished.

Vanquished Creatures (collateral kills)
  A polar bear (IceCv)
1 creature vanquished.

Vanquished Creatures (others)
  A polar bear (IceCv)
  2 plants (D:8)
3 creatures vanquished.

Grand Total: 312 creatures vanquished

Notes
Turn   | Place    | Note
-------+----------+-------------------------------------------
     0 | D:1      | D1HalberdGnoll the Draconian Conjurer began the quest for
                  | the Orb.
     0 | D:1      | Reached XP level 1. HP: 14/14 MP: 3/3
   335 | D:1      | Reached XP level 2. HP: 22/22 MP: 3/5
  1151 | D:2      | Learned a level 2 spell: Searing Ray
  1291 | D:2      | Reached skill level 1 in Fighting
  1639 | D:2      | Reached XP level 3. HP: 28/28 MP: 2/6
  2329 | D:2      | You fall into a shaft and drop 1 floor!
  2628 | D:2      | Reached XP level 4. HP: 31/35 MP: 1/7
  3076 | D:3      | Reached skill level 5 in Conjurations
  3458 | D:3      | Reached XP level 5. HP: 41/41 MP: 4/9
  3822 | D:3      | Reached skill level 1 in Shields
  4304 | D:3      | Found a deep blue altar of Sif Muna.
  4407 | D:3      | Became a worshipper of Sif Muna the Loreminder
  4991 | D:4      | Reached XP level 6. HP: 38/50 MP: 1/10
  5081 | D:4      | Learned a level 4 spell: Iskenderun's Mystic Blast
  5422 | D:4      | Found a sacrificial altar of Ru.
  5737 | D:4      | Found a large runed translucent door.
  5737 | D:4      | Found a large runed translucent door.
  5740 | D:4      | Noticed Shaidar's ghost (amateur DECj)
  5809 | D:4      | Reached skill level 6 in Conjurations
  5900 | D:4      | Found a roughly hewn altar of Beogh.
  6018 | D:4      | Found Maeff's Weapon Shop.
  6397 | D:5      | Entered Level 5 of the Dungeon
  6425 | D:5      | Your scales start taking on a fiery red colour.
  6425 | D:5      | Reached XP level 7. HP: 57/57 MP: 12/12
  6425 | D:5      | Gained mutation: Your flesh is heat resistant. (rF+) [Red
                  | Draconian growth]
  6491 | D:5      | Found a hazy altar of Hepliaklqana.
  6497 | D:5      | Found an ancient bone altar of Kikubaaqudgha.
  6498 | D:5      | Found a snail-covered altar of Cheibriados.
  6499 | D:5      | Found an iron altar of Okawaru.
  6500 | D:5      | Found a shattered altar of Ashenzari.
  6502 | D:5      | Found a shadowy altar of Dithmenos.
  7228 | D:5      | Reached * piety under Sif Muna
  7606 | D:5      | Reached skill level 7 in Conjurations
  7858 | D:6      | You fall into a shaft and drop 3 floors!
  7867 | D:9      | Reached XP level 8. HP: 66/66 MP: 14/14
  8042 | D:9      | Noticed an orange crystal statue
  8158 | D:9      | Noticed a troll
  8176 | D:9      | Killed a troll
  8272 | D:9      | Reached skill level 5 in Fighting
  8381 | D:9      | Noticed a manticore
  8392 | D:9      | Killed a manticore
  8392 | D:9      | Reached ** piety under Sif Muna
  8392 | D:9      | Reached skill level 5 in Spellcasting
  8392 | D:9      | Reached skill level 8 in Conjurations
  8528 | D:9      | Found a white marble altar of Elyvilon.
  8554 | D:9      | Noticed Maurice
  8565 | D:9      | HP: 2/69 [bullfrog (3)]
  8566 | D:9      | Noticed Pikel
  8621 | D:9      | Reached XP level 9. HP: 15/75 MP: 16/16
  9232 | D:8      | Got a pair of brightly glowing gloves
  9238 | D:8      | Identified the +0 pair of gloves of the Moon {Str+3} (You
                  | found it on level 8 of the Dungeon)
  9293 | D:8      | Noticed a komodo dragon
  9303 | D:8      | Killed a komodo dragon
  9303 | D:8      | Reached skill level 9 in Conjurations
  9332 | D:8      | Found a staircase to the Lair.
 10171 | D:8      | Found a bloodstained altar of Trog.
 10781 | D:7      | Noticed an angel
 10782 | D:7      | Found a shimmering altar of Xom.
 10782 | D:7      | Found a glowing silver altar of Zin.
 10823 | D:7      | Reached skill level 10 in Conjurations
 11180 | D:7      | Found Xafrul's Armour Emporium.
 11189 | D:7      | Bought a +0 buckler of reflection for 127 gold pieces
 11338 | D:7      | Found a staircase to the Ecumenical Temple.
 11408 | D:7      | Reached *** piety under Sif Muna
 11803 | D:6      | Found an ornate altar of the Wu Jian Council.
 11806 | D:6      | Found a runed translucent door.
 11807 | D:6      | Noticed HELP's ghost (novice SpEn)
 12205 | D:9      | Reached XP level 10. HP: 86/86 MP: 19/19
 12934 | D:9      | Killed Pikel
 12934 | D:9      | Reached skill level 11 in Conjurations
 13024 | D:9      | Reached **** piety under Sif Muna
 13270 | D:9      | Noticed a two-headed ogre
 13284 | D:9      | Killed a two-headed ogre
 13462 | D:10     | Entered Level 10 of the Dungeon
 13560 | D:10     | Noticed a two-headed ogre
 13569 | D:10     | Killed a two-headed ogre
 13841 | D:10     | Killed an unseen horror
 13841 | D:10     | Reached skill level 12 in Conjurations
 14171 | D:10     | Reached XP level 11. HP: 97/97 MP: 22/22
 14487 | D:10     | You fall into a shaft and drop 3 floors!
 14487 | D:13     | Noticed a catoblepas
 14790 | D:12     | Reached skill level 1 in Invocations
 15193 | Lair:1   | Entered Level 1 of the Lair of Beasts
 15294 | Lair:1   | Found a frozen archway.
 15302 | IceCv    | Entered an ice cave
 15338 | IceCv    | Reached ***** piety under Sif Muna
 15709 | IceCv    | Identified Sif Muna's Tome of Lucky Transmutation (Sif Muna
                  | gifted it to you in an ice cave)
 15709 | IceCv    | Received a gift from Sif Muna
 15866 | IceCv    | Learned a level 5 spell: Iskenderun's Battlesphere
 16829 | IceCv    | HP: 1/99 [something] (22)]
 17393 | IceCv    | Reached skill level 13 in Conjurations
 17431 | IceCv    | Noticed a death yak
 17454 | IceCv    | Killed a death yak
 17473 | IceCv    | Reached skill level 10 in Fighting
 17487 | IceCv    | Reached XP level 12. HP: 48/106 MP: 18/24
 17951 | IceCv    | Noticed a frost giant
 17967 | IceCv    | Demolished by a frost giant

Levels and vault maps discovered:
D:1:      minmay_arrival_widening_spiral_wide, layout_loops_ring
D:2:      layout_basic, first_ration, minmay_octomino_c4
D:3:      layout_loops_cross, marbit_many_paths, serial_bayou,
          serial_bayou_shore_b, serial_bayou_pond_e, serial_bayou_lake_a,
          serial_bayou_shore_b
D:4:      layout_loops_ring, hangedman_ru_absence, ebering_ghost_disaster_area,
          serial_shops, shop, kennysheep_orc_chapel
D:5:      layout_basic, minitemple, supply_closet_lemuel
D:6:      layout_basic, kennysheep_mini, ebering_ghost_reflecting_pool
D:7:      layout_basic, grunt_temple_overflow_order_and_chaos_1,
          minmay_temple_entry_nine_rooms, serial_shops, shop,
          minmay_misc_feat_hallway
D:8:      layout_basic, lightli_temple_of_fire, david_lair_shrubbed,
          blue_anna_alchemist [blue_anna_fruit_fields, blue_anna_fruit_fields],
          fountainhead, lightli_corner_chamber
D:9:      layout_grid_maze, lemuel_doored_altar, minmay_statue_bubble,
          uniq_maurice, uniq_pikel
D:10:     layout_roguey
D:11:     layout_rooms, david_orc_1_choice, uniq_urug, uniq_fannar
D:12:     kennysheep_room_grid, layout_long_grid, trove_entry_hex_spiral,
          minivault_25_ag
D:13:     layout_roguey, serial_shops, nicolae_shop_waterfront, shop,
          shop_statue, chequers_decorated_corner, minivault_16, minivault_27,
          kennysheep_windowed_goal
Lair:1:   layout_cave_pods, portal_ice_cave_entry_pillars_1,
          infiniplex_staircase_pool_2
IceCv:    ice_cave_caverns_01

Skill      XL: |  1  2  3  4  5  6  7  8  9 10 11 |
---------------+----------------------------------+-----
Dodging        | 2 4 |  4.4
Fighting       | 1 2 3 4 5 7 9 10 | 10.1
Conjurations   | 5 6 7 8 10 12 13 | 13.2
Shields        | 1 2 3 4 |  4.0
Spellcasting   | 3 4 5 6 7 8 |  8.7
Invocations    | 4 |  4.2
Stealth        | |  1.7

Action                   |  1- 3 |  4- 6 |  7- 9 | 10-12 || total
-------------------------+-------+-------+-------+-------++-------
Melee: Dagger            |    28 |    31 |   140 |    63 ||   262
       Tailslap          |     2 |     4 |    14 |     5 ||    25
 Cast: Magic Dart        |    65 |    74 |   153 |   134 ||   426
       Searing Ray       |     8 |    21 |    32 |    81 ||   142
       Iskenderun's Myst |       |     7 |    28 |     4 ||    39
       Iskenderun's Batt |       |       |       |     1 ||     1
Invok: Channel Magic     |       |       |       |     1 ||     1
 Abil: Breathe Fire      |       |       |    10 |    26 ||    36
Evoke: Wand              |       |       |       |     6 ||     6
  Use: Scroll            |       |     6 |     8 |       ||    14
       Potion            |       |       |     1 |     5 ||     6
 Stab: Sleeping          |       |     1 |       |     1 ||     2
  Eat: Chunk             |     7 |    13 |    15 |     3 ||    38
       Ration            |       |     1 |     2 |     6 ||     9
Armor: Skin              |    15 |     8 |    46 |    62 ||   131
Dodge: Dodged            |    33 |    33 |   116 |   193 ||   375
Block: Buckler           |       |     5 |    41 |    48 ||    94
       Reflection        |       |       |       |     2 ||     2

Table legend:
 A = Non-vault XP
 B = Vault XP
 C = Vault XP percentage of total XP
 D = Non-vault monster count
 E = Vault monster count
 F = Vault count percentage of total count
                 A         B        C        D         E       F
            +---------+---------+-------+---------+---------+-------
      Total |   11510 |   11268 |  49.5 |     247 |      59 |  19.3
            +---------+---------+-------+---------+---------+-------
        D:1 |      17 |       0 |   0.0 |      13 |       0 |   0.0
        D:2 |      70 |      20 |  22.2 |      32 |       3 |   8.6
        D:3 |     257 |       3 |   1.2 |      26 |       1 |   3.7
        D:4 |     264 |      86 |  24.6 |      12 |       4 |  25.0
        D:5 |     615 |       0 |   0.0 |      21 |       0 |   0.0
        D:6 |     566 |       0 |   0.0 |      20 |       0 |   0.0
        D:7 |     411 |       0 |   0.0 |      16 |       0 |   0.0
        D:8 |     963 |     478 |  33.2 |      27 |       2 |   6.9
        D:9 |    4606 |     629 |  12.0 |      43 |       1 |   2.3
       D:10 |    2913 |       0 |   0.0 |      27 |       0 |   0.0
       D:11 |      62 |       0 |   0.0 |       2 |       0 |   0.0
       D:12 |     233 |       0 |   0.0 |       3 |       0 |   0.0
       D:13 |     380 |       0 |   0.0 |       4 |       0 |   0.0
     Lair:1 |     153 |       0 |   0.0 |       1 |       0 |   0.0
      IceCv |       0 |   10052 | 100.0 |       0 |      48 | 100.0
            +---------+---------+-------+---------+---------+-------
